 Dungeon Crawl Stone Soup version 0.31.0-32-g396128a36d (webtiles) character file.

Game seed: 4573152919786200301

3817 Peloso the Carver (level 9, -5/78 HPs)
             Began as a Minotaur Fighter on Mar 16, 2024.
             Was a High Priest of Okawaru.
             Slain by Erica
             ... wielding a +3 scimitar of flaming
              (9 damage)
             ... on level 8 of the Dungeon.
             The game lasted 00:14:41 (6229 turns).

Peloso the Carver (Minotaur Fighter)                Turns: 6229, Time: 00:14:42

Health: -5/78      AC: 11    Str: 21    XL:     9   Next: 97%
Magic:  8/8        EV: 12    Int:  5    God:    Okawaru [*****.]
Gold:   426        SH:  6    Dex: 14    Spells: 8/8 levels left

rFire   . . .        a - +0 long sword
rCold   . . .        d - +0 buckler
rNeg    . . .        x - +0 chain mail
rPois   .            (helmet currently unavailable)
rElec   .            c - melded +0 cloak
rCorr   +            (gloves currently unavailable)
SInv    .            (boots currently unavailable)
Will    .....        p - amulet of regeneration Stlth
                     f - +5 ring of evasion
HPRegen 1.13/turn    A - ring of resist corrosion
MPRegen 0.11/turn

%: no passive effects
@: mighty, beast-form, attractive, slowed, constricted, very slow
A: beast (slay +1), horns 2, retaliatory headbutt
a: Begin Untransformation, Renounce Religion, Heroism, Finesse, Duel


You were on level 8 of the Dungeon.
You worshipped Okawaru.
Okawaru was extremely pleased with you.
You were a hulking beast.
You visited 1 branch of the dungeon, and saw 8 of its levels.

You collected 426 gold pieces.

Inventory:

Hand Weapons
 a - a +0 long sword (weapon)
Armour
 b - a +0 scale mail
 c - a +0 cloak (melded)
 d - a +0 buckler (worn)
 x - a +0 chain mail (worn)
 F - a +0 pair of gloves
Jewellery
 f - a +5 ring of evasion (left hand)
 g - a ring of fire
 l - a +6 ring of intelligence
 p - an amulet of regeneration (around neck)
 A - a ring of resist corrosion (right hand)
 G - a ring of magical power
Talismans
 m - a beast talisman (active)
Wands
 u - a wand of light (5)
 y - a wand of flame (14)
 z - a wand of iceblast (5)
Scrolls
 n - 2 scrolls of teleportation
 q - a scroll of immolation {unknown}
 r - a scroll of poison {unknown}
 t - 2 scrolls of enchant armour {unknown}
 B - 2 scrolls of fear {unknown}
 E - a scroll of blinking
Potions
 e - 5 potions of curing
 i - a potion of brilliance
 j - 3 potions of might
 k - a potion of mutation
 s - a potion of haste {unknown}
 v - a potion of attraction
 w - a potion of heal wounds {unknown}
 D - a potion of lignification


   Skills:
 + Level 6.7 Fighting
 + Level 11.0 Long Blades
 + Level 8.6 Armour
 + Level 4.0 Dodging
 + Level 0.9 Stealth
 + Level 6.7 Shields
 + Level 0.1 Invocations
 + Level 0.3 Evocations
 + Level 3.2 Shapeshifting


You had 8 spell levels left.
You didn't know any spells.
Your spell library contained the following spells:

 Spells                   Type           Power      Damage    Failure   Level
 Sting                    Conj/Alch      0%         1d3       98%         1
 Mercury Vapours          Alch/Air       0%         N/A       99%         2
 Mephitic Cloud           Conj/Alch/Air  0%         N/A       100%        3
 Swiftness                Air            0%         N/A       100%        3
 Dimensional Bullseye     Hex/Tloc       0%         N/A       100%        4
 Iskenderun's Mystic Bla  Conj/Tloc      0%         2d3       100%        4
 Olgreb's Toxic Radiance  Alch           0%         N/A       100%        4
 Starburst                Conj/Fire      0%         6d3       100%        6
 Ozocubu's Refrigeration  Ice            0%         4d7       100%        7
 Polar Vortex             Ice            0%         N/A       100%        9
 Tukima's Dance           Hex            Unusable   N/A       N/A         3
 Sculpt Simulacrum        Ice/Alch       Unusable   N/A       N/A         6

Dungeon Overview and Level Annotations

Branches:
Dungeon (8/15)             Temple (0/1) D:7
   Lair: D:8-11

Altars:
Ashenzari
Fedhas
Gozag
Okawaru
Ru
Trog
Zin

Shops:
D:2 :(   D:7 [

Annotations:
D:2 1 runed translucent door, Crazy Yiuf
D:8 Erica


Innate Abilities, Weirdness & Mutations

You are a hulking beast.
Your limbs bulge with bestial killing power. (Slay +1)
You have a pair of horns on your head.
You reflexively headbutt those who attack you in melee.


Message History

Unknown command.
You closely miss the kobold brigand. You headbutt the kobold brigand.
The kobold brigand is heavily wounded.
The kobold brigand hits you with a +0 short sword.
Unknown command.
You barely miss the kobold brigand.
Your headbutt misses the kobold brigand.
The kobold brigand is heavily wounded.
The kobold brigand closely misses you.
Unknown command.
You hit the kobold brigand.
The kobold brigand is severely wounded.
The orc priest looks satisfied for a moment.
The kobold brigand barely misses you.
Unknown command.
You barely miss the kobold brigand. You headbutt the kobold brigand!
You kill the kobold brigand!
Okawaru accepts your kill. Something is attracted toward you.
Your Long Blades skill increases to level 11!
Unknown command.
You closely miss something. Your headbutt misses something. Something hits you!
Something burns you. You block something's attack.
Unknown command.
You slash something! You headbutt something! Something barely misses you.
Something grabs you.
You are constricted.
You slash something! You headbutt something!
You hear a shout!
The orc priest miscasts a cantrip.
You hear some strange, mumbled words.
You feel yourself slow down.
You are constricted.
Unknown command.
You miss something. Something hits you! Something burns you.
You are constricted.
You block something's attack.
You are constricted.
* * * LOW HITPOINT WARNING * * *
Unknown command.
You miss something. Your headbutt misses something. Something hits you!!
* * * LOW HITPOINT WARNING * * *
Something burns you!
You die...

.. oK .### ### ..#...
####.#.#
####.#...K..#
........oK### ##
...#.##)# .#
#..#.##h# .#
#.#.....# .#
#..#.##.# .#
#.......# .####
###...### ....# #...#
###.### #...######
......# #........#
###.#.######...####.#


You could see an orc priest and 2 kobolds.

Vanquished Creatures
  Jeremiah (D:8)
  A wyvern (D:8)
  A steam dragon (D:8)
  An acid dragon (D:8)
  A water moccasin (D:6)
  An ice beast (D:8)
  3 sky beasts
  A black bear (D:5)
  A centaur (D:7)
  A wyvern zombie (D:6)
  2 kobold brigands
  3 bullfrogs
  4 scorpions
  4 necrophages (D:6)
  3 wights (D:7)
  7 killer bees
  6 howler monkeys
  2 bullfrog zombies (D:6)
  2 bombardier beetles (D:4)
  A centaur zombie (D:6)
  2 hounds (D:5)
  2 jellies
  5 orc priests
  3 sleepcaps
  2 iguanas
  3 orc wizards
  Natasha (twice) (D:3)
  4 gnolls (D:4)
  9 adders
  4 ufetubi
  5 dart slugs
  3 ribbon worms
  17 orcs
  5 endoplasms
  6 giant cockroaches
  9 goblins
  5 hobgoblins
  13 jackals
  4 quokkas
  7 ball pythons
  2 bats
  11 kobolds
  7 rats
176 creatures vanquished.

Notes
Turn   | Place    | Note
-------+----------+-------------------------------------------
     0 | D:1      | Peloso the Minotaur Fighter began the quest for the Orb.
     0 | D:1      | Reached XP level 1. HP: 19/19 MP: 0/0
    66 | D:1      | Reached XP level 2. HP: 19/27 MP: 1/1
   304 | D:1      | Reached XP level 3. HP: 16/33 MP: 2/2
   769 | D:2      | Found Naizul's Weapon Emporium.
   769 | D:2      | Noticed a +0 great mace
   769 | D:2      | Noticed a +0 triple sword
  1167 | D:2      | Found Vuusch's Book Shoppe.
  1207 | D:2      | Reached XP level 4. HP: 36/40 MP: 3/3
  1238 | D:2      | Found a runed translucent door.
  1239 | D:2      | Noticed Crazy Yiuf
  1326 | D:2      | Reached skill level 3 in Long Blades
  2087 | D:3      | Found an opulent altar of Gozag.
  2162 | D:3      | Found a faded altar of an unknown god.
  2172 | D:3      | Reached XP level 5. HP: 45/47 MP: 4/4
  2259 | D:3      | Found a broken altar of Ashenzari.
  2261 | D:3      | Found a bloodstained altar of Trog.
  2262 | D:3      | Found a sacrificial altar of Ru.
  2262 | D:3      | Found an iron altar of Okawaru.
  2268 | D:3      | Became a worshipper of Warmaster Okawaru
  2416 | D:3      | Noticed Natasha
  2419 | D:3      | Killed Natasha
  2420 | D:3      | Reached skill level 1 in Dodging
  2599 | D:4      | Reached skill level 4 in Long Blades
  2599 | D:4      | Reached skill level 5 in Armour
  2675 | D:4      | Reached XP level 6. HP: 29/53 MP: 5/5
  2904 | D:4      | Reached skill level 5 in Long Blades
  2917 | D:4      | Reached * piety under Okawaru
  3173 | D:4      | You fall into a shaft and drop 2 floors!
  3178 | D:6      | Noticed a sky beast
  3205 | D:7      | Reached XP level 7. HP: 59/60 MP: 6/6
  3314 | D:7      | Reached skill level 1 in Shapeshifting
  3336 | D:7      | Found Sageurol's Armour Emporium.
  3494 | D:7      | Reached skill level 6 in Long Blades
  3500 | D:7      | Reached skill level 5 in Fighting
  3501 | D:7      | Reached ** piety under Okawaru
  3509 | D:7      | Reached skill level 5 in Shields
  3552 | D:7      | Reached skill level 7 in Long Blades
  3783 | D:7      | Reached XP level 8. HP: 68/68 MP: 7/7
  3952 | D:7      | Got Jezaribusm's Information on Cinders and Austromancy
  4005 | D:5      | Entered Level 5 of the Dungeon
  4088 | D:5      | Reached *** piety under Okawaru
  4089 | D:5      | Reached skill level 8 in Long Blades
  4287 | D:4      | Found a glowing silver altar of Zin.
  4451 | D:3      | Noticed Natasha
  4457 | D:3      | Killed Natasha
  4670 | D:5      | Reached skill level 9 in Long Blades
  5038 | D:6      | Reached XP level 9. HP: 68/75 MP: 8/8
  5153 | D:6      | Reached **** piety under Okawaru
  5371 | D:6      | Found a blossoming altar of Fedhas.
  5628 | D:6      | Reached skill level 10 in Long Blades
  5802 | D:7      | Found a staircase to the Ecumenical Temple.
  6087 | D:8      | Noticed Jeremiah
  6100 | D:8      | Killed Jeremiah
  6100 | D:8      | Reached ***** piety under Okawaru
  6214 | D:8      | Noticed Erica
  6225 | D:8      | Reached skill level 11 in Long Blades
  6229 | D:8      | Slain by Erica

Illustrated notes

Levels and vault maps discovered:
D:1:      dpeg_arrival_simpleton_c, layout_rooms, nicolae_houndstooth_variations
D:2:      layout_loops_cross, serial_rivers, chequers_serial_rivers_large_a,
          chequers_serial_rivers_micro_a, chequers_serial_rivers_micro_d,
          chequers_serial_rivers_marsh, chequers_serial_rivers_marsh,
          serial_shops, shop, nicolae_shop_mannequins, minmay_tromino_v2,
          uniq_crazy_yiuf_cottage
D:3:      layout_basic, old_standard_altar, mainiacjoe_overflow_alcove_3,
          hellmonk_ecumenical_altar_dog_temple, uniq_natasha
D:4:      layout_loops_ring, zin_scriptorium
D:5:      layout_cave_pools
D:6:      layout_cave_pools, fedhas_altar_decomposition
D:7:      layout_basic, temple_hall_moat, serial_shops,
          nicolae_shop_window_shopping, kennysheep_generic_room_15
D:8:      layout_loops_cross, dk_xom_monty_hall, uniq_jeremiah, uniq_erica

Skill      XL: |  1  2  3  4  5  6  7  8  9 |
---------------+----------------------------+-----
Fighting       | 4 5 6 |  6.7
Shields        | 4 5 6 |  6.7
Armour         | 4 5 6 7 8 |  8.6
Long Blades    | 3 4 5 7 9 11 | 11.0
Dodging        | 1 2 3 4 |  4.0
Shapeshifting  | 2 3 |  3.2
Stealth        | |  0.9
Invocations    | |  0.1
Evocations     | |  0.3

Action                     |  1- 3 |  4- 6 |  7- 9 || total
---------------------------+-------+-------+-------++-------
  Melee: Long sword        |   108 |   156 |   329 ||   593
         Headbutt          |    11 |    21 |    64 ||    96
 Invoke: Heroism           |       |       |     1 ||     1
  Evoke: Wand              |       |       |     4 ||     4
    Use: Potion            |     2 |       |     2 ||     4
         Scroll            |     1 |     2 |     3 ||     6
   Stab: Invisible         |       |       |     1 ||     1
 Armour: Scale mail        |   104 |    98 |    41 ||   243
         Chain mail        |       |       |   147 ||   147
  Dodge: Dodged            |    68 |    76 |   209 ||   353
  Block: Buckler           |    40 |    25 |    84 ||   149
   Form: Beast             |       |     1 |       ||     1
